 Dungeon Crawl Stone Soup version 0.30.0-29-ga12c61a403 (webtiles) character file.

Game seed: 12386029996331641484

62 explorer the Magician (level 4, -3/31 HPs)
             Began as a Djinni Fire Elementalist on June 15, 2023.
             Slain by a bullfrog (5 damage)
             ... on level 3 of the Dungeon.
             The game lasted 00:16:21 (1472 turns).

explorer the Magician (Djinni Fire Elementalist)    Turns: 1472, Time: 00:16:22

Health: -3/31      AC:  3    Str:  7    XL:     4   Next: 28%
Gold:   63         EV: 12    Int: 19    God:
                   SH:  0    Dex: 13

rFire   + + .        e - +2 dagger (venom)
rCold   x . .        (no shield)
rNeg    . . .        a - +1 robe
rPois   ∞            (no helmet)
rElec   .            (no cloak)
rCorr   .            (no gloves)
SInv    .            (boots unavailable)
Will    .....        (no amulet)
Stlth   ++           (no ring)
HPRegen 0.25/turn    (no ring)
MPRegen 0.00/turn

%: infuse magic (-4 HP)
@: flying
A: sickness immunity, fire resistance 2, cold vulnerability 1, float, innate
caster, HP casting, extra vitality 1
a: no special abilities


You were on level 3 of the Dungeon.
You visited 1 branch of the dungeon, and saw 3 of its levels.

You collected 63 gold pieces.

Inventory:

Hand Weapons
 e - a +2 dagger of venom (weapon)
Armour
 a - a +1 robe (worn)
Potions
 d - a potion of mutation {unknown}
 f - a potion of brilliance {unknown}


   Skills:
 + Level 0.2 Fighting
 + Level 2.8 Dodging
 + Level 1.8 Stealth
 + Level 0.6 Unarmed Combat
 + Level 3.3 Spellcasting


You knew the following spells:

 Your Spells              Type           Power      Damage    Failure   Level
a - Foxfire               Conj/Fire      60%        2x1d7     3%          1
b - Scorch                Fire           30%        2d6       6%          2
c - Volatile Blastmotes   Fire/Tloc      30%        2d12      12%         3
d - Inner Flame           Hex/Fire       15%        N/A       12%         3
e - Flame Wave            Conj/Fire      15%        2d7       36%         4
f - Sting                 Tmut/Pois      60%        1d6       3%          1
Your spell library was empty.

Dungeon Overview and Level Annotations

Branches:
Dungeon (3/15)

Altars:
Hepliaklqana
Uskayaw

Shops:
D:1 [=!(


Innate Abilities, Weirdness & Mutations

You are immune to sickness and miasma.
You are immune to poison.
Your flesh is very heat resistant. (rF++)
You are vulnerable to cold. (rC-)
You float through the air rather than walking.
You learn spells naturally, not from books.
Your magical power is your life essence.
You have superior vitality. (+4 MHP)


Message History

Flames lash the rat.
You kill the rat!
* * * LOW HITPOINT WARNING * * *
The bullfrog hits you.
* * * LOW HITPOINT WARNING * * *
You feel better. The bullfrog hits you.
* * * LOW HITPOINT WARNING * * *
The bullfrog hits you!
* * * LOW HITPOINT WARNING * * *
It was a potion of heal wounds.
You feel much better. The bullfrog hits you.
Casting: Scorch (safe; 6% risk of failure)
Confirm with . or Enter, or press ? or * to list all spells.
Flames lash the kobold.
You kill the kobold!
The bullfrog hits you. The bullfrog barely misses you.
You barely miss the bullfrog.
The bullfrog snags a nearby blue-tailed skink with its tongue.
The bullfrog misses you.
You hit the bullfrog.
The bullfrog is poisoned.
The bullfrog is lightly wounded.
The bullfrog hits you but does no damage.
The bullfrog closely misses you.
You hit the bullfrog.
The bullfrog is moderately wounded.
The bullfrog hits you.
You barely miss the bullfrog.
The bullfrog is moderately wounded.
The bullfrog hits you.
* * * LOW HITPOINT WARNING * * *
The bullfrog hits you.
* * * LOW HITPOINT WARNING * * *
Casting: Scorch (safe; 6% risk of failure)
Confirm with . or Enter, or press ? or * to list all spells.
You don't have enough health to cast this spell.
Casting: Scorch (safe; 6% risk of failure)
Confirm with . or Enter, or press ? or * to list all spells.
You conjure some foxfire!
* * * LOW HITPOINT WARNING * * *
The bullfrog hits you.
You die...

####..#.. #
##........
#.######.........
...#.......).8.
#.#...........
##.............
#.g.#..........
######..##..........
#.v@Fg..##..........
##.#####..##g........
#..# ##.........#..
#.## ####........
######.## #......
#.......#
#.......######
#.............
#.......######


You could see a bullfrog (very poisoned, ally target) and a hobgoblin.

Vanquished Creatures
  An adder (D:2)
  A worm (D:2)
  A dart slug (D:2)
  A ball python (D:2)
  7 bats
  5 endoplasms
  4 goblins
  6 hobgoblins
  2 quokkas
  2 frilled lizards (D:2)
  5 kobolds
  4 rats
39 creatures vanquished.

Vanquished Creatures (collateral kills)
  2 endoplasms (D:1)
2 creatures vanquished.

Vanquished Creatures (others)
  13 foxfires
13 creatures vanquished.

Grand Total: 54 creatures vanquished

Notes
Turn   | Place    | Note
-------+----------+-------------------------------------------
     0 | D:1      | explorer the Djinni Fire Elementalist began the quest for
                  | the Orb.
     0 | D:1      | explorer set off with the following spells memorised:
                  | Foxfire, Scorch, Volatile Blastmotes, Inner Flame, Flame
                  | Wave.
     0 | D:1      | Reached XP level 1. HP: 15/15 MP: 0/0
   172 | D:1      | Found Zuimadir's Jewellery Boutique.
   187 | D:1      | Reached XP level 2. HP: 12/21 MP: 0/0
   212 | D:1      | Found Cokhit's Armour Emporium.
   491 | D:1      | Found Redetim's Distillery.
   624 | D:1      | Reached XP level 3. HP: 25/25 MP: 0/0
   624 | D:1      | Learned a level 1 spell: Sting
   742 | D:1      | Found Nioj's Antique Weapon Shop.
   761 | D:1      | Reached skill level 3 in Spellcasting
   955 | D:2      | Found a faded altar of an unknown god.
  1115 | D:2      | Reached XP level 4. HP: 14/31 MP: 0/0
  1265 | D:2      | Found a hazy altar of Hepliaklqana.
  1446 | D:3      | Found a hide-covered altar of Uskayaw.
  1448 | D:3      | Noticed a bullfrog
  1465 | D:3      | HP: 1/31 [bullfrog (8)]
  1472 | D:3      | Slain by a bullfrog

Illustrated notes

Levels and vault maps discovered:
D:1:      reono_arrival_mine, layout_loops_ring, serial_shops, shop,
          shop_fountains, nicolae_shop_hallway_plus, shop,
          minmay_misc_feat_hallway
D:2:      layout_rooms, basic_altar, ebering_ecumenical_altar_petrified
D:3:      layout_rooms, eat_drink_and_be_merry_uskayaw,
          mainiacjoe_overflow_swirl, minivault_11

Skill      XL: |  1  2  3 |
---------------+----------+-----
Spellcasting   | 3 |  3.3
Fighting       | |  0.2
Dodging        | |  2.8
Stealth        | |  1.8
Unarmed Combat | |  0.6

Action                     |  1- 3 |  4- 6 || total
---------------------------+-------+-------++-------
  Melee: Unarmed           |    23 |       ||    23
         Dagger            |    32 |    15 ||    47
         Punch             |     2 |       ||     2
   Cast: Foxfire           |    12 |     3 ||    15
         Scorch            |     9 |     7 ||    16
         Sting             |    13 |       ||    13
         Inner Flame       |       |     1 ||     1
    Use: Scroll            |     5 |       ||     5
         Potion            |       |     4 ||     4
   Stab: Sleeping          |     1 |       ||     1
 Armour: Robe              |    29 |     8 ||    37
  Dodge: Dodged            |    59 |    11 ||    70
